 Dungeon Crawl Stone Soup version 0.17.1-3-g152610e (webtiles) character file.

706 Alarkh the Chopper (level 7, -5/52 HPs)
             Began as a Mummy Chaos Knight on Apr 17, 2016.
             Killed from afar by Stendarr's ghost (22 damage)
             ... with a flame tongue
             ... on level 5 of the Dungeon.
             The game lasted 00:07:55 (5638 turns).

Alarkh the Chopper (Mummy Chaos Knight)             Turns: 5638, Time: 00:07:56

Health: -5/52      AC: 13    Str: 15    XL:     7   Next: 39%
Magic:  7/7        EV: 11    Int: 17    God:    Xom [....*.]
Gold:   277        SH:  0    Dex: 11    Spells: 0 memorised, 6 levels left

rFire  x . .     SeeInvis .     a - +0 hand axe
rCold  + . .     Clarity  +     b - +2 leather armour
rNeg   + + +     SustAt   .     (no shield)
rPois  ∞         Gourm    .     n - +0 helmet
rElec  .         Spirit   .     f - +0 cloak
rCorr  .         Warding  .     i - +0 pair of gloves
rMut   .         Stasis   .     (no boots)
MR     .....                    g - amulet of clarity
Stlth  +.........               r - +3 ring of intelligence
                                o - +5 ring of protection

@: not resistant to hostile enchantments, very unstealthy
A: no food or potions, fire vulnerability, cold resistance 1, negative energy
resistance 3, torment resistance, unbreathing
a: Renounce Religion


You were on level 5 of the Dungeon.
You worshipped Xom.
You were a beloved toy of Xom.
You were not hungry.

You visited 2 branches of the dungeon, and saw 6 of its levels.

You collected 277 gold pieces.

Inventory:

Hand Weapons
 a - a +0 hand axe (weapon)
 k - a +0 hand axe of chaos
Missiles
 e - a throwing net (quivered)
Armour
 b - a +2 leather armour (worn)
 f - a +0 cloak (worn)
 i - a +0 pair of gloves (worn)
 j - a +0 robe
 n - a +0 helmet (worn)
Jewellery
 g - an amulet of clarity (around neck)
 o - a +5 ring of protection (left hand)
 r - a +3 ring of intelligence (right hand)
Scrolls
 c - a scroll of teleportation {unknown}
 d - 2 scrolls of enchant armour
 h - a scroll of fear
 l - a scroll of remove curse
 m - a scroll of noise {unknown}
 p - a scroll of immolation {unknown}
 q - a scroll of enchant weapon {unknown}


   Skills:
 - Level 3.0 Fighting
 + Level 7.3 Axes
 - Level 1.5 Armour
 - Level 0.7 Dodging


You had 6 spell levels left.
You didn't know any spells.

Dungeon Overview and Level Annotations

Branches:
Dungeon (5/15)             Temple (1/1) D:5

Altars:
Cheibriados
Dithmenos
Elyvilon
Fedhas
Gozag
Kikubaaqudgha
Makhleb
Nemelex Xobeh
Okawaru
Qazlal
Ru
Sif Muna
Trog
Vehumet
Xom
Yredelemnul
Zin

Annotations:
D:5 Stendarr's ghost, novice TrFE


Innate Abilities, Weirdness & Mutations

You do not eat or drink.
Your flesh is vulnerable to fire.
You are immune to poison.
Your flesh is cold resistant.
You are immune to negative energy.
You are immune to unholy pain and torment.
You can survive without breathing.


Message History

You are now a beloved toy of Xom.
Stendarr's ghost hits you but does no damage.
You barely miss Stendarr's ghost.
Stendarr's ghost is heavily damaged.
Stendarr's ghost points at you and mumbles some strange words.
The zap hits you!
You barely miss Stendarr's ghost.
Stendarr's ghost is heavily damaged.
Stendarr's ghost hits you.
You hit Stendarr's ghost but do no damage.
Stendarr's ghost is heavily damaged.
Stendarr's ghost points at you and mumbles some strange words.
The flame tongue hits you! The fire burns you terribly!
Xom thinks this is hilarious!
You are too injured to fight recklessly!
Stendarr's ghost casts a spell at you. The flame tongue hits you!
The fire burns you terribly!
Xom thinks this is hilarious!
You die...
Xom snickers!

#.# #.......# #.# #.#####.# #.#
#.# #.# #(# #.# #.# #.# #.# #.#
#.# #.# #.# #.# ####### #.# #.#
#####.########.....######.#####..
W.............W.@......##.....###
##############...................
#...........#....###
#...........#....#
##########.##....# # #.##....# #
### #..#....# #
****.....##.#....### ,,
,,................


You could see Stendarr's ghost.

Vanquished Creatures
  Menkaure (D:4)
  A scorpion (D:5)
  2 hounds (D:3)
  2 orc wizards (D:4)
  A jelly (D:4)
  A centaur skeleton (D:4)
  A quasit (D:5)
  A worker ant (D:4)
  Robin (D:4)
  7 adders
  A gnoll (D:2)
  An ooze (D:1)
  A worm (D:3)
  2 giant geckos
  16 orcs
  4 bats
  6 giant cockroaches
  A hobgoblin (shapeshifter) (D:4)
  9 hobgoblins
  11 kobolds
  A quokka (D:3)
  7 giant newts
  16 goblins
  11 jackals
  9 rats
114 creatures vanquished.

Vanquished Creatures (collateral kills)
  A centaur (D:3)
  2 orc wizards (D:3)
  2 orcs (D:3)
5 creatures vanquished.

Grand Total: 119 creatures vanquished

Notes
Turn   | Place    | Note
--------------------------------------------------------------
     0 | D:1      | Alarkh the Mummy Chaos Knight began the quest for the Orb.
     0 | D:1      | Reached XP level 1. HP: 18/18 MP: 1/1
   142 | D:1      | XOM: divination: detect creatures
   152 | D:1      | XOM: divination: magic mapping
   193 | D:1      | Reached XP level 2. HP: 24/24 MP: 2/2
   358 | D:1      | XOM: harmless Fire miscast
   567 | D:2      | Reached XP level 3. HP: 26/29 MP: 3/3
   981 | D:2      | Found a sparkling altar of Nemelex Xobeh.
   991 | D:2      | XOM: mild Fire miscast
  1046 | D:2      | Reached skill level 4 in Axes
  1150 | D:2      | XOM: divination: detect creatures
  1163 | D:2      | Found a snail-covered altar of Cheibriados.
  1171 | D:2      | Reached XP level 4. HP: 30/35 MP: 4/4
  1176 | D:2      | XOM: potion effect (brilliance)
  1369 | D:2      | Found a sparkling altar of Nemelex Xobeh.
  1475 | D:2      | Found a snail-covered altar of Cheibriados.
  1857 | D:3      | XOM: mild Trmt miscast
  2094 | D:3      | XOM: divination: detect creatures
  2179 | D:3      | XOM: mild Trmt miscast
  2201 | D:3      | XOM: cast spell 'Confusing Touch'
  2737 | D:3      | Found a glowing silver altar of Zin.
  2802 | D:3      | Reached XP level 5. HP: 29/41 MP: 5/5
  2910 | D:3      | Found a burning altar of Makhleb.
  2911 | D:3      | XOM: confuse monster(s)
  2918 | D:3      | XOM: summons friendly shadow imp
  2928 | D:3      | Reached skill level 5 in Axes
  2937 | D:3      | XOM: god gift: scroll labeled NEXZAY DIRIU
  3020 | D:3      | XOM: vitrification
  3048 | D:3      | Noticed a centaur
  3056 | D:3      | XOM: summons friendly quasit
  3057 | D:3      | Killed a centaur
  3080 | D:3      | XOM: polymorph shadow imp -> iron imp
  3145 | D:3      | Found a bloodstained altar of Trog.
  3163 | D:3      | Reached XP level 6. HP: 24/47 MP: 6/6
  3745 | D:4      | Reached skill level 6 in Axes
  3766 | D:4      | Noticed Menkaure
  3775 | D:4      | XOM: smoke on damage
  3948 | D:3      | XOM: vitrification
  4065 | D:4      | XOM: 6-stop teleportation journey
  4216 | D:4      | Noticed Robin
  4231 | D:4      | XOM: silly message
  4243 | D:4      | Killed Robin
  4275 | D:4      | XOM: polymorph goblin -> hobgoblin
  4304 | D:4      | Found a shimmering altar of Xom.
  4331 | D:4      | XOM: harmless Fire miscast
  4432 | D:4      | XOM: mild Pois miscast
  4452 | D:4      | XOM: noise
  4466 | D:4      | Killed Menkaure
  4539 | D:4      | Reached XP level 7. HP: 48/52 MP: 7/7
  4545 | D:4      | XOM: blink monster(s)
  4920 | D:4      | Reached skill level 7 in Axes
  4940 | D:5      | Entered Level 5 of the Dungeon
  4961 | D:5      | Found a staircase to the Ecumenical Temple.
  5013 | Temple   | Entered the Ecumenical Temple
  5181 | D:5      | XOM: divination: magic mapping
  5188 | D:5      | Noticed Stendarr's ghost (novice TrFE)
  5203 | D:5      | XOM: confuse monster(s)
  5425 | D:4      | XOM: divination: detect creatures
  5469 | D:5      | XOM: divination: detect items
  5507 | D:5      | XOM: polymorph crimson imp -> quasit
  5608 | D:5      | XOM: summons 2 friendly demons
  5611 | D:5      | XOM: swap monsters
  5634 | D:5      | XOM: divine lightning (protected)
  5638 | D:5      | Killed from afar by Stendarr's ghost

Action                   |  1- 3 |  4- 6 |  7- 9 || total
-------------------------+-------+-------+-------++-------
Melee: Hand axe          |   119 |   290 |   109 ||   518
  Use: Scroll            |     4 |     3 |       ||     7
 Stab: Petrified         |     2 |       |       ||     2
       Paralysed         |     1 |       |       ||     1
       Confused          |       |     3 |       ||     3
       Petrifying        |       |     1 |       ||     1
       Sleeping          |       |     1 |       ||     1
